 Dungeon Crawl Stone Soup version 0.20.1-1-g8b1a95d (webtiles) character file.

98 galech the Covered (level 4, 0/29 HPs)
             Began as a Gargoyle Fighter on July 28, 2017.
             Slain by a goblin (2 damage)
             ... led by Robin
             ... on level 3 of the Dungeon.
             The game lasted 00:02:29 (1709 turns).

galech the Covered (Gargoyle Fighter)               Turns: 1709, Time: 00:02:30

Health: 0/29       AC: 10    Str: 21    XL:     4   Next: 69%
Magic:  4/4        EV:  7    Int:  8    God:
Gold:   105        SH:  9    Dex:  9    Spells: 3/3 levels left

rFire    . . .     SeeInvis .   a - +0 flail
rCold    . . .     Gourm    .   c - +0 shield
rNeg     + . .     Faith    .   b - +0 scale mail
rPois    ∞         Spirit   .   (no helmet)
rElec    +         Reflect  .   (no cloak)
rCorr    .         Harm     .   (no gloves)
MR       .....                  (no boots)
Stlth    ..........             (no amulet)
Regen    0.1/turn               (no ring)
MPRegen  0.1/turn               (no ring)

@: no status effects
A: negative energy resistance 1, electricity resistance, unbreathing,
petrification resistance, rot immunity, AC +3
a: no special abilities


You were on level 3 of the Dungeon.
You were not hungry.

You visited 1 branch of the dungeon, and saw 3 of its levels.

You collected 105 gold pieces.

Inventory:

Hand Weapons
 a - a +0 flail (weapon)
Armour
 b - a +0 scale mail (worn)
 c - a +0 shield (worn)
Scrolls
 e - a scroll of immolation {unknown}
 h - a scroll of remove curse {unknown}
 i - 2 scrolls of identify {unknown}
 l - a scroll of enchant armour {unknown}
 m - a scroll of teleportation {unknown}
 n - a scroll of fog {unknown}
Potions
 d - 2 potions of might
 j - a potion of brilliance {unknown}
Comestibles
 f - a bread ration
 k - a meat ration


   Skills:
 + Level 3.7 Fighting
 + Level 2.9 Maces & Flails
 + Level 4.1 Armour
 + Level 0.1 Dodging
 + Level 4.1 Shields


You had 3 spell levels left.
You didn't know any spells.

Dungeon Overview and Level Annotations

Branches:
Dungeon (3/15)

Altars:

Annotations:
D:3 Robin


Innate Abilities, Weirdness & Mutations

You are resistant to torment.
Your stone body is resilient. (AC +3)
You are immune to poison.
You resist negative energy. (rN+)
You are resistant to electric shocks. (rElec)
You can survive without breathing.
You are immune to petrification.
You are immune to rotting.


Message History

* * * LOW HITPOINT WARNING * * *
The goblin barely misses you.
Your shield prevents you from hitting the goblin.
The goblin is heavily wounded.
The goblin barely misses you. You block the goblin's attack.
The goblin hits you but does no damage. The goblin barely misses you. x2
You barely miss the goblin.
The goblin is heavily wounded.
The goblin no longer looks unusually strong.
The goblin closely misses you. The goblin hits you.
* * * LOW HITPOINT WARNING * * *
The goblin hits you with a dagger.
* * * LOW HITPOINT WARNING * * *
You block the goblin's attack.
You closely miss the goblin.
The goblin is heavily wounded.
The goblin hits you.
* * * LOW HITPOINT WARNING * * *
You block the goblin's attack. The goblin hits you.
You die...

##....# .###
####.### #...
#...### #..#
######...##...###
#>...............
...#######.####.#
#)# #g#### #g@gg#
####g# .. ... ..#
##


You could see Robin and 4 goblins.

Vanquished Creatures
  4 gnolls
  2 leopard geckos (D:1)
  A ball python (D:2)
  5 bats
  A giant cockroach (D:1)
  14 goblins
  6 hobgoblins
  5 jackals (D:1)
  5 kobolds
  A quokka (D:2)
  3 frilled lizards
  5 rats
52 creatures vanquished.

Notes
Turn   | Place    | Note
-------+----------+-------------------------------------------
     0 | D:1      | galech the Gargoyle Fighter began the quest for the Orb.
     0 | D:1      | Reached XP level 1. HP: 14/14 MP: 1/1
    71 | D:1      | Reached XP level 2. HP: 19/19 MP: 2/2
   188 | D:1      | Reached XP level 3. HP: 23/23 MP: 3/3
  1188 | D:2      | Reached XP level 4. HP: 12/29 MP: 4/4
  1680 | D:3      | Noticed Robin
  1709 | D:3      | Slain by a goblin

Skill      XL: |  1  2  3 |
---------------+----------+-----
Shields        | 4 |  4.1
Armour         | 4 |  4.1
Fighting       | |  3.7
Maces & Flails | |  2.9
Dodging        | |  0.1

Action                   |  1- 3 |  4- 6 || total
-------------------------+-------+-------++-------
Melee: Flail             |   149 |    56 ||   205
  Eat: Chunk             |     1 |     2 ||     3
Armor: Scale mail        |   103 |    43 ||   146
Dodge: Dodged            |    76 |    32 ||   108
Block: Shield            |    91 |    49 ||   140
